 Dungeon Crawl Stone Soup version 0.27.1 (webtiles) character file.

Game seed: 5064615494831269493

2 ZARRMARR the Insei (level 1, 0/13 HPs)
             Began as an Octopode Transmuter on Sept 4, 2021.
             Slain by a dart slug (2 damage)
             ... on level 1 of the Dungeon.
             The game lasted 00:00:34 (18 turns).

ZARRMARR the Insei (Octopode Transmuter)              Turns: 18, Time: 00:00:35

Health: 0/13       AC:  1    Str:  9    XL:     1   Next: 40%
Magic:  2/3        EV: 13    Int: 15    God:
Gold:   0          SH:  0    Dex: 12    Spells: 3/4 levels left

rFire    . . .     SeeInvis .     - Unarmed
rCold    . . .     Faith    .   (no shield)
rNeg     . . .     Spirit   .   (helmet currently unavailable)
rPois    .         Reflect  .   (no amulet)
rElec    .         Harm     .   (no ring)
rCorr    .         Rampage  .   (no ring)
Will     .....                  (no ring)
Stlth    ++........             (no ring)
HPRegen  0.04/turn              (no ring)
MPRegen  0.08/turn              (no ring)
                                (no ring)
                                (no ring)

@: appendages (expiring)
A: tentacle spike 3, almost no armour, amphibious, 8 rings, camouflage 1,
gelatinous body 1, (nimble swimmer 1), tentacles
a: End Transformation


You were on level 1 of the Dungeon.
One of your tentacles had grown a beastly spike.
You visited 1 branch of the dungeon, and saw 1 of its levels.

Inventory:

Potions
 a - 2 potions of flight {unknown}


   Skills:
 + Level 1.0 Fighting
 + Level 2.0 Dodging
 + Level 0.3 Stealth
 - Level 3.0 Unarmed Combat
 + Level 2.0 Spellcasting
 + Level 2.0 Transmutations


You had 3 spell levels left.
You knew the following spells:

 Your Spells              Type           Power      Damage    Failure   Level
a - Beastly Appendage     Tmut           14%        N/A       10%         1

Your spell library contained the following spells:

 Spells                   Type           Power      Damage    Failure   Level
 Wereblood                Tmut           7%         N/A       14%         2
 Spider Form              Tmut/Pois      2%         N/A       41%         3
 Ice Form                 Ice/Tmut       4%         N/A       82%         4


Dungeon Overview and Level Annotations

Branches:
Dungeon (1/15)

Altars:


Innate Abilities, Weirdness & Mutations

One of your tentacles has grown a beastly spike.
You cannot wear most types of armour.
You are amphibious.
You can wear up to eight rings at the same time.
Your skin changes colour to match your surroundings (Stealth+).
Your rubbery body absorbs attacks. (AC +1, EV +1)
((You are camouflaged near water. (Stealth+)))
You have tentacles for arms and can constrict up to eight enemies at once.


Message History

The kobold shouts!
Casting: Beastly Appendage (safe; 10% risk of failure)
Confirm with . or Enter, or press ? or * to list all spells.
One of your tentacles grows a vicious spike.
A giant cockroach comes into view.
The dart slug launches a dart at you. The slug dart misses you.
The kobold throws a stone.
The stone closely misses you. The dart slug launches a dart at you.
The slug dart misses you.
The kobold throws a stone.
The stone misses you.
Your transformation is almost over.
You tentacle-slap the kobold but do no damage.
Your grab misses the kobold.
Your tentacle spike misses the kobold.
You closely miss the kobold. You grab the kobold. You constrict the kobold.
The kobold hits you with a +0 short sword.
The giant cockroach barely misses you.
You tentacle-slap the giant cockroach but do no damage.
Your grab misses the giant cockroach.
You constrict the kobold, but do no damage.
The kobold barely misses you. The giant cockroach bites you.
You tentacle-slap the giant cockroach. Your grab misses the giant cockroach.
The giant cockroach is severely wounded.
You constrict the kobold.
The kobold hits you with a +0 short sword.
The giant cockroach bites you.
You barely miss the giant cockroach. Your grab misses the giant cockroach.
You squeeze the giant cockroach, but do no damage.
The giant cockroach is severely wounded.
You constrict the kobold.
You kill the kobold!
The giant cockroach bites you.
* * * LOW HITPOINT WARNING * * *
The dart slug launches a dart at you. The slug dart hits you.
* * * LOW HITPOINT WARNING * * *
You closely miss the giant cockroach. You grab the giant cockroach.
You squeeze the giant cockroach.
You kill the giant cockroach!
The dart slug bites you.
You die...

.# .# .# .# ####
##.# .# ...## #..
#.# #.## #..# #.#
.. .....##.###.#
.#
#........##.#####
####'##....)....#
##♣.♣##..@.....#
+..<..+...w....#
##≈≈≈##..........
#PPP#.........#.
#####..####+###
#..# #..# ##.


You could see a dart slug.

Vanquished Creatures
  A giant cockroach (D:1)
  A kobold (D:1)
2 creatures vanquished.

Notes
Turn   | Place    | Note
-------+----------+-------------------------------------------
     0 | D:1      | ZARRMARR the Octopode Transmuter began the quest for the
                  | Orb.
     0 | D:1      | Reached XP level 1. HP: 13/13 MP: 3/3
    18 | D:1      | Slain by a dart slug

Illustrated notes

Levels and vault maps discovered:
D:1:      tarquinn_simple_flora_water_e, layout_rooms, minmay_fountain_box,
          minmay_misc_feat_cross, chequers_arboretum

Action                   || total
-------------------------++-------
Melee: Unarmed           ||     6
       Constrict         ||     2
       Tentacles         ||     2
 Cast: Beastly Appendage ||     1
Dodge: Dodged            ||     6
